 Dungeon Crawl Stone Soup version 0.24-a0-203-gf0bc1e9 (webtiles) character file.

Game seed: 8171060310500540619

1005 Borgoz the Cutter (level 8, -1/48 HPs)
             Began as a Kobold Gladiator on Mar 26, 2019.
             Was an Initiate of Ashenzari.
             Killed from afar by an orc wizard (7 damage)
             ... with a puff of frost
             ... in the Ecumenical Temple.
             The game lasted 00:08:06 (5541 turns).

Borgoz the Cutter (Kobold Gladiator)                Turns: 5541, Time: 00:08:07

Health: -1/48      AC:  4    Str: 11    XL:     8   Next: 44%
Magic:  20/20      EV: 18    Int: 10    God:    Ashenzari [......]
Gold:   191        SH:  0    Dex: 18    Spells: 11/12 levels left

rFire    . . .     SeeInvis .   a - +0 rapier
rCold    . . .     Gourm    .   (shield restricted)
rNeg     . . .     Faith    .   b - +0 leather armour
rPois    .         Spirit   .   c - +0 helmet
rElec    .         Reflect  .   (no cloak)
rCorr    .         Harm     .   (no gloves)
MR       .....                  (no boots)
Stlth    +++.......             (no amulet)
HPRegen  0.16/turn              h - ring of magical power
MPRegen  0.17/turn              (no ring)

@: no status effects
A: small, carnivore
a: Curse Item, Renounce Religion


You were in the Ecumenical Temple.
You worshipped Ashenzari.
Ashenzari was noncommittal.
You were very full.

You visited 2 branches of the dungeon, and saw 6 of its levels.

You collected 439 gold pieces.
You spent 248 gold pieces at shops.

Inventory:

Hand Weapons
 a - a +0 rapier (weapon)
Missiles
 d - 3 throwing nets (quivered)
Armour
 b - a +0 leather armour (worn)
 c - a +0 helmet (worn)
 l - the +2 leather armour "Cuni" {Int+2}
   (You bought it in a shop on level 5 of the Dungeon)

   It affects your intelligence (+2).
Jewellery
 h - a ring of magical power (left hand)
Wands
 t - a wand of paralysis (5)
Scrolls
 e - a scroll of vulnerability {unknown}
 g - 5 scrolls of teleportation
 i - a scroll of random uselessness {unknown}
 j - a scroll of amnesia {unknown}
 m - 4 scrolls of remove curse
 n - a scroll of fog {unknown}
 o - 3 scrolls of enchant armour {unknown}
 p - 5 scrolls of identify {unknown}
 q - a scroll of immolation {unknown}
 r - a scroll of blinking {unknown}
Comestibles
 f - 10 rations


   Skills:
 + Level 3.7 Fighting
 + Level 6.2 Short Blades
 + Level 3.8 Throwing
 * Level 3.1 Armour
 + Level 5.5 Dodging
 + Level 3.8 Stealth
 + Level 2.6 Spellcasting
 + Level 2.6 Hexes


You had 11 spell levels left.
You knew the following spells:

 Your Spells              Type           Power        Failure   Level  Hunger
a - Confusing Touch       Hex            #.....       13%         1    ##.....

Your spell library contained the following spells:

 Spells                   Type           Power        Failure   Level  Hunger
 Confuse                  Hex            #.......     36%         3    ####...
 Gell's Gravitas          Tloc           #.........   75%         3    ####...
 Petrify                  Tmut/Erth      #.......     98%         4    #####..
 Metabolic Englaciation   Hex/Ice        #.........   99%         5    ######.
 Yara's Violent Unravell  Hex/Tmut       #.........   99%         5    ######.


Dungeon Overview and Level Annotations

Branches:
Dungeon (5/15)             Temple (1/1) D:5

Altars:
Ashenzari
Cheibriados
Dithmenos
Elyvilon
Fedhas
Gozag
Hepliaklqana
Kikubaaqudgha
Makhleb
Nemelex Xobeh
Okawaru
Qazlal
Ru
Sif Muna
Trog
Uskayaw
Vehumet
Wu Jian
Xom
Yredelemnul
Zin
The Shining One

Shops:
D:4 !   D:5 *[(:


Innate Abilities, Weirdness & Mutations

You are small and have problems with some larger weapons.
You are carnivorous and can eat meat at any time.


Message History

The orc is almost dead.
The frilled lizard barely misses you. Something hits you but does no damage.
You hit the orc.
You kill the orc!
Something hits you.
* * * LOW HITPOINT WARNING * * *
The frilled lizard bites you.
* * * LOW HITPOINT WARNING * * *
You aren't carrying any potions.
Unknown command.
You aren't carrying any potions.
You aren't carrying any potions.
Okay, then.
You hit something but do no damage. Something hits you.
* * * LOW HITPOINT WARNING * * *
The frilled lizard misses you.
You hear some strange, mumbled words.
A puff of frost appears from out of thin air!
The puff of frost hits you!
You die...

###.........._.
##........_.....
##...............
##......._........
#.................
##.................
#......._..........
#..l...............
#)@..............⌠.
#.{)...............
#......._..........
##.................
#.................
##......._........
##...............
##........_.....
###.........._.


You could see a frilled lizard.

Vanquished Creatures
  A sky beast (D:5)
  An ice beast (D:5)
  2 ogres (D:5)
  A centaur (D:5)
  Blork the orc (D:5)
  A crimson imp (D:5)
  3 bullfrog skeletons
  An orc wizard (D:3)
  5 worker ants
  2 hound skeletons
  5 adders
  4 gnolls (D:4)
  2 shadow imps (D:5)
  An ooze (D:2)
  2 adder skeletons (D:4)
  4 worms
  A dart slug (D:1)
  4 leopard geckos
  8 orcs
  2 ball pythons
  9 bats
  5 giant cockroaches
  10 goblins
  6 hobgoblins
  9 jackals
  8 kobolds
  2 quokkas
  4 frilled lizards
  2 quokka zombies
  7 rats
113 creatures vanquished.

Vanquished Creatures (others)
  A plant (D:5)
1 creature vanquished.

Grand Total: 114 creatures vanquished

Notes
Turn   | Place    | Note
-------+----------+-------------------------------------------
     0 | D:1      | Borgoz the Kobold Gladiator began the quest for the Orb.
     0 | D:1      | Reached XP level 1. HP: 12/12 MP: 1/1
   150 | D:1      | Reached XP level 2. HP: 16/17 MP: 2/2
   535 | D:1      | Reached XP level 3. HP: 22/22 MP: 3/3
   632 | D:1      | Reached skill level 5 in Short Blades
   778 | D:2      | Learned a level 1 spell: Confusing Touch
   912 | D:2      | Reached skill level 1 in Stealth
   912 | D:2      | Reached XP level 4. HP: 27/27 MP: 4/4
  1672 | D:3      | Reached XP level 5. HP: 31/31 MP: 6/6
  1877 | D:3      | Reached skill level 1 in Armour
  1877 | D:3      | Reached skill level 1 in Spellcasting
  1877 | D:3      | Reached skill level 1 in Hexes
  1916 | D:3      | Found a white marble altar of Elyvilon.
  2256 | D:3      | Reached XP level 6. HP: 19/36 MP: 7/7
  2679 | D:4      | Found Ofiar's Distillery.
  2756 | D:4      | Bought a potion of might for 48 gold pieces
  2756 | D:4      | Bought a potion of heal wounds for 60 gold pieces
  3549 | D:4      | Found a burning altar of Makhleb.
  3553 | D:4      | Found a hazy altar of Hepliaklqana.
  3556 | D:4      | Found an ornate altar of the Wu Jian Council.
  3599 | D:4      | Reached XP level 7. HP: 20/41 MP: 9/9
  3903 | D:5      | Entered Level 5 of the Dungeon
  3903 | D:5      | Noticed Blork the orc
  3920 | D:5      | Killed Blork the orc
  3920 | D:5      | Reached skill level 5 in Dodging
  4047 | D:5      | Found Nainn's Antique Armour Boutique.
  4283 | D:5      | Bought an ichor-stained leather armour for 140 gold pieces
  4318 | D:5      | Found Wiarimian's Weapon Boutique.
  4329 | D:5      | Found a staircase to the Ecumenical Temple.
  4450 | D:5      | Reached skill level 6 in Short Blades
  4563 | D:5      | Found Vuggi's Assorted Antiques.
  4612 | D:5      | Reached XP level 8. HP: 21/46 MP: 11/11
  5064 | D:5      | Found a shadowy altar of Dithmenos.
  5104 | D:5      | Found Dokku's Book Shoppe.
  5421 | Temple   | Entered the Ecumenical Temple
  5501 | Temple   | Became a worshipper of Ashenzari the Shackled
  5541 | Temple   | Killed from afar by an orc wizard

Levels and vault maps discovered:
D:1:      tarquinn_simple_flora_water_b, layout_basic
D:2:      layout_rooms, first_ration, serial_bayou_lake_a
D:3:      layout_basic, kennysheep_flooded_box
D:4:      layout_cave_pools, grunt_temple_overflow_diamond, serial_shops,
          nicolae_shop_waterfront
D:5:      layout_cave_pods, nicolae_dithmenos_the_darkroom, temple_doors_e,
          serial_shops, shop, shop_coins, nicolae_shop_overgrown_old_shop,
          nicolae_shop_statue_plus, uniq_blork_the_orc
Temple:   compressed_dpeg_circular_temple

Skill      XL: |  1  2  3  4  5  6  7  8 |
---------------+-------------------------+-----
Dodging        | 4 5 |  5.5
Short Blades   | 5 6 |  6.2
Stealth        | 1 2 3 |  3.8
Armour         | 1 2 3 |  3.1
Spellcasting   | 1 2 |  2.6
Hexes          | 1 2 |  2.6
Fighting       | 3 |  3.7
Throwing       | 3 |  3.8

Action                   |  1- 3 |  4- 6 |  7- 9 || total
-------------------------+-------+-------+-------++-------
Melee: Rapier            |    80 |   286 |   146 ||   512
Evoke: Wand              |       |       |     2 ||     2
  Use: Potion            |       |     7 |     1 ||     8
       Scroll            |       |       |     3 ||     3
 Stab: Sleeping          |     1 |     5 |     2 ||     8
       Paralysed         |       |       |     2 ||     2
  Eat: Chunk             |     6 |     8 |     9 ||    23
Armor: Leather armour    |    17 |    49 |    30 ||    96
       Skin              |       |    12 |       ||    12
Dodge: Dodged            |    88 |   287 |   149 ||   524

Table legend:
 A = Non-vault XP
 B = Vault XP
 C = Vault XP percentage of total XP
 D = Non-vault monster count
 E = Vault monster count
 F = Vault count percentage of total count
                 A         B        C        D         E       F
            +---------+---------+-------+---------+---------+-------
      Total |    1345 |      91 |   6.3 |     112 |       1 |   0.9
            +---------+---------+-------+---------+---------+-------
        D:1 |      38 |       0 |   0.0 |      21 |       0 |   0.0
        D:2 |      76 |       0 |   0.0 |      16 |       0 |   0.0
        D:3 |     163 |       0 |   0.0 |      34 |       0 |   0.0
        D:4 |     279 |       0 |   0.0 |      20 |       0 |   0.0
        D:5 |     783 |      91 |  10.4 |      19 |       1 |   5.0
     Temple |       6 |       0 |   0.0 |       2 |       0 |   0.0
            +---------+---------+-------+---------+---------+-------
